cohdb
Replays
Latest Replays
All Replays
Popular Replays
Top Player Replays
Match Explorer
How It Works
Community
CoH3 Stats
Reddit
Sign in to upload your games and track your stats! →
Sign in with Steam
Match 42539501
Unlisted
Match 42539501
Overview
Messages
Build Orders
End
Engineer Squad
Construct Weapon Support Center
M1919 Machine Gun Team
M1919 Machine Gun Team
Infantry Support Center
Bazooka Squad
M3 Armored Personnel Carrier
Selects Heavy Weapons
Selects Assault Carriers
Construct Barracks
Construct Medical Station
Riflemen Squad
Selects Exchangeable Parts
Riflemen Squad
M1918 Browning Automatic Rifles
Grenade Package
Selects M2HB .50cal Heavy Machine Gun
Advanced Logistics
Survival Training
Riflemen Squad
Construct Motor Pool
M1 Anti-tank Gun Team
Engineer Squad
Captain Retinue
Munitions Surplus
Riflemen Squad
Selects M26 Pershing Heavy Tank
M26 Pershing Heavy Tank
M1919 Machine Gun Team
Engineer Squad
Engineer Squad
M1 Mortar Team
Construct Tank Depot
Yee2K
3rdDUI
~TAB~ THUND3RCHUNKY
a small girl
0
0
Comments
sign in to comment!
No comments posted yet!